AoeStats
← BenJames

Yucatan

503540899Analyzed
4v4 RM · 1mo ago on Sep 1, 2026· 62m 46s· 8 players
Game mode
Random Map
Map size
Large (8 player)
Population
200
Speed
Normal
Resources
Standard
Victory
Conquest
Starting age
Dark Age
Ending age
Imperial Age
RankedLock teamsTeams togetherTeam positionsShared explorationLock speedFull tech treeHidden civsTurbo modeCheats
Victory
Defeat
🇦🇷 Saracens · Argentina
1208
+12
🇨🇴 Mongols · Colombia
1127
+16
🇺🇸 Teutons · United States
1127
+16
🇺🇸 Burmese · United States
1099
+17
🇨🇳 Mongols · China
1180
-18
🇨🇳 Britons · China
1125
-15
🇵🇪 Georgians · Peru
1110
-15
🇨🇳 Teutons · China
1101
-14
这个骑兵没有马
1:27 Loom
11:08 Feudal Age
18:13 Castle Age
16:26 Double-Bit Axe
17:55 Horse Collar
18:08 Stone Mining
18:09 Gold Mining
20:27 Bow Saw
24:46 Heavy Plow
27:24 Wheelbarrow
26:35 Town Watch
28:35 Hand Cart
28:39 Town Patrol
30:04 Stone Shaft Mining
30:34 Bloodlines
34:35 Imperial Age
33:23 Ironclad
33:26 Masonry
33:27 Fortified Wall
33:38 Ballistics
33:26 Scale Barding Armor
33:32 Forging
33:23 Scale Mail Armor
34:50 Chain Barding Armor
34:45 Squires
34:32 Arson
34:07 Pikeman
36:00 Crenellations
36:16 Hoardings
36:45 Chemistry
35:51 Siege Engineers
36:44 Halberdier
38:24 Iron Casting
38:04 Chain Mail Armor
38:25 Plate Barding Armor
39:07 Cavalier
42:19 Blast Furnace
41:49 Plate Mail Armor
44:47 Two-Man Saw
44:26 Paladin
45:14 Fletching
45:24 Padded Archer Armor
51:04 Crop Rotation
BigMalasada
9:13 Loom
11:30 Feudal Age
14:04 Double-Bit Axe
14:00 Horse Collar
14:42 Gold Mining
14:43 Stone Mining
17:35 Castle Age
17:44 Forging
17:40 Scale Barding Armor
19:10 Iron Casting
19:18 Bloodlines
19:52 Bow Saw
22:54 Wheelbarrow
25:19 Chain Barding Armor
25:23 Town Watch
26:01 Heavy Plow
28:25 Hand Cart
34:21 Imperial Age
32:22 Ballistics
31:53 Guard Tower
32:22 Scale Mail Armor
32:00 Pikeman
32:42 Squires
33:28 Chain Mail Armor
33:41 Treadmill Crane
34:40 Svan Towers
34:52 Halberdier
35:46 Fletching
36:35 Keep
35:45 Arrowslits
37:52 Chemistry
37:57 Plate Mail Armor
38:57 Conscription
38:33 Bodkin Arrow
38:27 Arrowslits
39:14 Bracer
40:15 Blast Furnace
39:51 Plate Barding Armor
39:50 Fortified Wall
41:13 Husbandry
40:34 Light Cavalry
42:08 Hussar
43:24 Padded Archer Armor
46:42 Elite Monaspa
51:03 Town Patrol
别动不动投降
2:37 Loom
11:21 Feudal Age
12:27 Double-Bit Axe
12:25 Horse Collar
13:24 Wheelbarrow
16:25 Stone Mining
16:26 Horse Collar
19:10 Castle Age
19:28 Gold Mining
21:14 Gold Shaft Mining
20:52 Bow Saw
21:31 Heavy Plow
24:47 Imperial Age
22:47 Fletching
22:57 Padded Archer Armor
23:54 Hand Cart
23:28 Town Watch
24:17 Bodkin Arrow
24:37 Leather Archer Armor
25:47 Hand Cart
30:24 Ballistics
31:26 Conscription
33:08 Elite Longbowman
33:48 Town Watch
35:00 Ring Archer Armor
35:30 Town Patrol
38:03 Hoardings
38:47 Yeomen
39:35 Two-Man Saw
40:15 Chemistry
39:33 Pikeman
40:14 Squires
40:00 Arson
41:47 Forging
41:37 Scale Mail Armor
42:19 Bracer
44:21 Halberdier
45:47 Iron Casting
45:28 Chain Mail Armor
49:32 Masonry
49:35 Fortified Wall
49:21 Murder Holes
53:50 Blast Furnace
53:20 Plate Mail Armor
57:13 Architecture
56:24 Treadmill Crane
cihuncihome
11:47 Loom
13:32 Feudal Age
17:53 Castle Age
17:00 Double-Bit Axe
17:10 Gold Mining
26:44 Horse Collar
27:15 Bow Saw
31:22 Bloodlines
32:41 Scale Barding Armor
Lord Tay
1:28 Loom
12:58 Feudal Age
13:53 Town Watch
14:44 Wheelbarrow
14:39 Fishing Lines
23:38 Castle Age
24:31 Town Patrol
24:00 Pikeman
25:02 Gillnets
25:41 Forging
25:32 Scale Mail Armor
26:05 Caravan
28:33 Hand Cart
34:29 Imperial Age
33:31 Fortified Wall
34:38 Onager
35:39 Siege Engineers
38:01 Chemistry
40:57 Capped Ram
41:24 Elite Arambai
42:25 Conscription
43:57 Husbandry
44:08 Bloodlines
44:26 Parthian Tactics
45:38 Padded Archer Armor
54:09 Elite Battle Elephant
54:54 Howdah
55:37 Iron Casting
55:08 Scale Barding Armor
58:14 Blast Furnace
57:35 Chain Barding Armor
61:47 Spies/Treason
DIO
1:16 Loom
13:11 Feudal Age
20:28 Wheelbarrow
20:50 Forging
22:18 Bloodlines
24:12 Castle Age
22:06 Horse Collar
23:37 Scale Barding Armor
23:43 Double-Bit Axe
25:33 Heavy Plow
25:45 Bow Saw
30:41 Gold Mining
34:53 Imperial Age
34:50 Stone Mining
36:34 Iron Casting
36:19 Chain Barding Armor
35:21 Cavalier
37:23 Stone Shaft Mining
37:02 Caravan
38:39 Paladin
39:57 Hand Cart
44:39 Crop Rotation
45:34 Plate Barding Armor
45:59 Blast Furnace
46:15 Fletching
46:14 Town Watch
48:13 Conscription
47:23 Elite Teutonic Knight
48:26 Crenellations
47:29 Elite Teutonic Knight
48:45 Hoardings
48:19 Bodkin Arrow
51:07 Hoardings
57:53 Scale Mail Armor
60:13 Chemistry
59:34 Ballistics
BenJames
7:01 Loom
10:07 Feudal Age
12:06 Double-Bit Axe
14:25 Wheelbarrow
18:19 Castle Age
18:22 Bloodlines
18:07 Gold Mining
19:07 Husbandry
19:32 Forging
21:50 Horse Collar
27:26 Heavy Plow
31:56 Gold Shaft Mining
33:51 Fletching
36:37 Hand Cart
36:52 Bodkin Arrow
39:55 Padded Archer Armor
40:56 Ballistics
40:55 Leather Archer Armor
43:19 Imperial Age
42:49 Scale Barding Armor
45:14 Chemistry
44:17 Bracer
45:30 Conscription
45:24 Elite Skirmisher
51:39 Elite Mangudai
54:20 Chemistry
57:42 Bow Saw
58:45 Chain Barding Armor
57:53 Heavy Camel Rider
TheDuff_KøK
10:05 Feudal Age
13:43 Castle Age
12:29 Double-Bit Axe
12:25 Horse Collar
15:09 Heavy Plow
15:47 Bow Saw
21:26 Stone Mining
22:32 Wheelbarrow
25:26 Hand Cart
24:56 Town Watch
24:56 Loom
25:46 Gold Mining
30:46 Imperial Age
28:35 Scale Barding Armor
28:30 Padded Archer Armor
28:41 Forging
28:32 Scale Mail Armor
29:05 Ballistics
29:25 Bloodlines
29:16 Husbandry
29:09 Fletching
31:07 Gold Shaft Mining
30:54 Chain Barding Armor
30:55 Chain Mail Armor
30:36 Bodkin Arrow
31:19 Iron Casting
31:36 Bracer
31:59 Conscription
32:31 Plate Barding Armor
32:02 Elite Mameluke
33:00 Leather Archer Armor
33:32 Plate Mail Armor
32:39 Heavy Camel Rider
33:43 Thumb Ring
34:13 Parthian Tactics
35:44 Blast Furnace
34:55 Light Cavalry
37:00 Ring Archer Armor
37:31 Chemistry
36:27 Murder Holes
36:42 Masonry
37:08 Siege Engineers
47:57 Two-Man Saw
55:03 Town Patrol
59:39 Spies/Treason
Connection lost

Rejoining the realm…

Still unreachable

The connection could not be restored.

Session expired

The server has moved on; the page needs a fresh start.